 Dungeon Crawl Stone Soup version 0.20-a0-1065-g8446734 (webtiles) character file.

1340352 dvd the Invulnerable (level 27, -9/245 HPs)
             Began as a Minotaur Fighter on Apr 25, 2017.
             Was the Champion of Cheibriados.
             Killed from afar by an orb of fire (13 damage)
             ... with a bolt of fire
             ... on level 5 of the Realm of Zot on Apr 28, 2017.
             The game lasted 08:43:50 (81472 turns).

dvd the Invulnerable (Minotaur Fighter)            Turns: 81472, Time: 08:43:52

Health: -9/245     AC: 49    Str: 41    XL:     27
Magic:  28/38      EV: 20    Int: 24    God:    Cheibriados [******]
Gold:   11859      SH: 36    Dex: 39    Spells: 34/59 levels left

rFire    + + .     SeeInvis +   a - +9 broad axe (flame)
rCold    + + +     Gourm    .   Y - +2 large shield
rNeg     + + +     Faith    .   e - +5 gold dragon scales
rPois    +         Spirit   .   X - +2 hat {MR+}
rElec    +         Reflect  +   O - +1 cloak of Starlight {rElec rC+ EV+4 Stlth--}
rCorr    .         Harm     .   q - +3 pair of gauntlets of War {Slay+5}
MR       +++..     Rnd*Tele +   Q - +0 pair of boots of Oroara {*Corrode rF+ rC+}
Stlth    ..........             y - amulet of Lady Luck {Reflect rN++ Int+2 Dex-2 SH+2}
Regen    0.0/turn               D - ring of Camum {*Corrode rElec rPois Int+4 Slay+5}
MPRegen  0.3/turn               B - ring of Posezutu {+Fly rN+ Str-2 Dex+8 SInv}

@: about to teleport, very slow
A: retaliatory headbutt, horns 2, icy blue scales 2, thin metallic scales 1,
blink, blurry vision 1, dopey 1, frail 1, low mp 1, poison resistance, inhibited
regeneration, strong 1, teleportitis 1, no potion heal 1, MP-powered wands
}: 14/15 runes: decaying, slimy, silver, iron, obsidian, icy, bone, abyssal,
demonic, glowing, magical, fiery, dark, gossamer
a: Blink, Bend Time, Temporal Distortion, Slouch, Step From Time, Renounce
Religion, Evoke Flight


You were on level 5 of the Realm of Zot.
You worshipped Cheibriados.
Cheibriados was exalted by your worship.
You were hungry.

You visited 16 branches of the dungeon, and saw 86 of its levels.
You visited Pandemonium 1 time, and saw 26 of its levels.
You visited the Abyss 3 times.
You also visited: Labyrinth and Bailey.

You collected 15137 gold pieces.
You spent 3278 gold pieces at shops.

Inventory:

Hand Weapons
 a - a +9 broad axe of flaming (weapon)
 c - a +9 eveningstar of holy wrath
 j - the +4 staff of Dispater
   (You took it off Dispater on level 7 of the Iron City of Dis)
 o - the +7 sceptre of Asmodeus
   (You took it off Asmodeus on level 7 of Gehenna)
 z - the +11 flail "Cijitho Ikke" {venom, Int+4 SInv}
   (You found it in Pandemonium)

   It poisons the flesh of those it strikes.
   It affects your intelligence (+4).
   It lets you see invisible.
 U - the +12 hand axe of Generosity {flame, rN+ MR+ Dex+4}
   (You found it in Pandemonium)

   It has been specially enchanted to burn those struck by it, causing extra
   injury to most foes and up to half again as much damage against particularly
   susceptible opponents.
   Big, fiery blades are also staple armaments of hydra-hunters.
   It affects your dexterity (+4).
   It protects you from negative energy.
   It affects your resistance to hostile enchantments.
Missiles
 x - 9 tomahawks (quivered)
 H - 4 javelins
 K - 4 poisoned tomahawks
Armour
 e - +5 gold dragon scales (worn)
 q - the +3 pair of gauntlets of War (worn) {Slay+5}
   (You found it on level 2 of the Depths)

   It affects your accuracy and damage with ranged weapons and melee attacks
   (+5).
 O - the +1 cloak of Starlight (worn) {rElec rC+ EV+4 Stlth--}
   (You found it on level 5 of the Pits of Slime)

   It affects your evasion (+4).
   It protects you from cold.
   It insulates you from electricity.
   It makes you much less stealthy.
 Q - the +0 pair of boots of Oroara (worn) {*Corrode rF+ rC+}
   (You found it on level 2 of the Depths)

   It protects you from fire.
   It protects you from cold.
   It may corrode you when you take damage.
 X - a +2 hat of magic resistance (worn)
 Y - a +2 large shield (worn)
Jewellery
 y - the amulet of Lady Luck (around neck) {Reflect rN++ Int+2 Dex-2 SH+2}
   (You took it off a vault warden on level 5 of the Vaults)

   [amulet of reflection]

   It shields you and reflects attacks.
   It affects your intelligence (+2).
   It affects your dexterity (-2).
   It greatly protects you from negative energy.
   It affects your SH (+2).
 B - the ring of Posezutu (right hand) {+Fly rN+ Str-2 Dex+8 SInv}
   (You found it on level 3 of the Crypt)

   [ring of positive energy]

   It affects your strength (-2).
   It affects your dexterity (+8).
   It protects you from negative energy.
   It lets you see invisible.
   It lets you fly.
 D - the ring of Camum (left hand) {*Corrode rElec rPois Int+4 Slay+5}
   (You found it in Pandemonium)

   [ring of poison resistance]

   It affects your intelligence (+4).
   It affects your accuracy and damage with ranged weapons and melee attacks
   (+5).
   It insulates you from electricity.
   It protects you from poison.
   It may corrode you when you take damage.
Wands
 l - a wand of acid (9/15)
 C - a wand of lightning (8/15)
 E - a wand of lightning (13/15)
 V - a wand of digging (7/24)
Scrolls
 b - 2 scrolls of enchant weapon
 g - 4 scrolls of summoning
 p - 12 scrolls of fear
 s - 4 scrolls of blinking
 v - 25 scrolls of identify
 G - 13 scrolls of teleportation
 I - 11 scrolls of recharging
 T - 13 scrolls of fog
 W - 32 scrolls of remove curse
Potions
 d - a potion of might
 i - 8 potions of heal wounds
 k - 7 potions of flight
 t - 6 potions of mutation
 A - 27 potions of curing
 F - 5 potions of agility
 M - 5 potions of brilliance
 N - 4 potions of magic
 P - a potion of resistance
Books
 n - a book of Ice

   Spells                             Type                      Level
   a - Ice Form                       Ice/Transmutation            4
   b - Metabolic Englaciation         Hexes/Ice                    5
   c - Ozocubu's Refrigeration        Ice                          6
   d - Bolt of Cold                   Conjuration/Ice              6
   e - Freezing Cloud                 Conjuration/Ice/Air          6
   f - Simulacrum                     Ice/Necromancy               6
Comestibles
 f - 41 bread rations
 h - 19 royal jellies
 m - a chunk of flesh
 r - 37 meat rations
 w - 61 fruits


   Skills:
 O Level 27 Fighting
   Level 3.7 Short Blades
 O Level 27 Axes
 + Level 16.9(23.6) Maces & Flails
   Level 17.2(23.8) Polearms
 * Level 20.0 Throwing
 O Level 27 Armour
 + Level 6.7 Dodging
 + Level 5.8 Stealth
 O Level 27 Shields
 + Level 16.5 Spellcasting
 + Level 11.0 Charms
 * Level 18.0 Summonings
 + Level 11.7 Necromancy
 + Level 7.5 Translocations
 * Level 11.0 Air Magic
 + Level 17.3 Invocations
 + Level 4.2 Evocations


You had 34 spell levels left.
You knew the following spells:

 Your Spells              Type           Power        Failure   Level  Hunger
a - Shroud of Golubria    Chrm/Tloc      ######....   1%          2    None
b - Regeneration          Chrm/Necr      ######....   1%          3    None
c - Blink                 Tloc           N/A          1%          2    None
d - Aura of Abjuration    Summ           #######...   1%          5    #......
e - Poisonous Vapours     Pois/Air       #####.       1%          2    None
f - Olgreb's Toxic Radia  Pois           ###.....     67%         4    None
g - Summon Hydra          Summ           #######...   4%          7    ######.


Dungeon Overview and Level Annotations

Branches:
Dungeon (15/15)            Temple (0/1) D:4            Lair (6/6) D:9
  Swamp (4/4) Lair:3       Spider (4/4) Lair:2        Slime (5/5) Lair:6
    Orc (2/2) D:11            Elf (3/3) Orc:2        Vaults (5/5) D:13
  Crypt (3/3) Vaults:3       Tomb (0/3) Crypt:3      Depths (5/5) D:15
   Hell (1/1)                 Dis (7/7) Hell            Geh (7/7) Hell
    Coc (7/7) Hell            Tar (7/7) Hell            Zot (5/5) Depths:5

Altars:
Ashenzari
Cheibriados
Dithmenos
Fedhas
Gozag
Hepliaklqana
Makhleb
Nemelex Xobeh
Okawaru
Ru
Sif Muna
Trog
Uskayaw
Vehumet
Wu Jian
Xom
Yredelemnul
Zin
Jiyva

Shops:
D:6 *   D:7 *   D:12 *   D:14 [   Orc:2 :[[%   Elf:2 }   Elf:3 *   Vaults:1 =
Vaults:2 [   Vaults:3 [!?:*   Vaults:4 [

Portals:
Hell: Depths:1 Depths:2 Depths:3 Depths:4 Depths:5
Abyss: Depths:4 Depths:5
Pandemonium: Depths:3
Ziggurat: Depths:5

Annotations:
D:3 Natasha
D:5 exclusion: oklob plant
Elf:2 2 runed doors
Depths:5 4 runed doors
Dis:1 10 runed doors


Innate Abilities, Weirdness & Mutations

You reflexively headbutt those who attack you in melee.
You have a pair of horns on your head.
You are mostly covered in icy blue scales. (AC +3)
You are partially covered in thin metallic scales. (AC +2)
You can translocate small distances at will.
Scrolls take you a little longer to read.
You are dopey. (Int -2)
You are frail. (-10% HP)
Your magical capacity is low. (-10% MP)
Your system is resistant to poisons. (rPois)
You do not regenerate when monsters are visible.
Your muscles are strong. (Str +2)
You are occasionally teleported next to monsters.
Potions are less effective at restoring your health.
You expend magic power (3 MP) to strengthen your wands.


Message History

The bolt of fire hits you! You resist.
* * * LOW HITPOINT WARNING * * *
You hear a distant "Zot"!
Your system partially rejects the healing.
You feel much better.
The orb of fire glows bright magenta.
The bolt of fire hits you! You resist.
* * * LOW HITPOINT WARNING * * *
The orb of fire glows yellow.
The fireball explodes!
The fireball engulfs you! You resist.
* * * LOW HITPOINT WARNING * * *
You hear a chilling moan.
You hear a deafening roar!
Your system partially rejects the healing.
You feel much better.
The orb of fire glows bright magenta.
The bolt of fire hits you! You resist.
* * * LOW HITPOINT WARNING * * *
The orb of fire glows red.
The bolt of fire hits you! You resist.
You die...

....................
...........z.........
▓
.....................
▓
.....................
.
....$$....(..........
.
..^........(........▓
.
..........***X.......
▓
.....................
▓
............p@.......
................
................
..?.............
.............▓▓▓
▓▓▓▓▓▓▓▓▓▓▓▓▓▓


You could see 3 orbs of fire, a Killer Klown, a death cob and an Orb Guardian.

Vanquished Creatures
  Cerebov (Pan)
  Antaeus (Coc:7)
  Asmodeus (Geh:7)
  the Royal Jelly (Slime:5)
  Dissolution (Slime:3)
  Gloorx Vloq (Pan)
  Ereshkigal (Tar:7)
  the Serpent of Hell (Geh:7)
  A seraph (Pan)
  Mnoleg (Pan)
  5 ancient liches
  4 orbs of fire (Zot:5)
  Dispater (Dis:7)
  Mennas (Crypt:1)
  A juggernaut (Abyss:5)
  The ghost of herpmino the Axe Maniac, a legendary FoFi of Ru (Tar:7)
  A juggernaut (shapeshifter) (Depths:2)
  18 shard shrikes
  Xtahua (Depths:5)
  Margery (Vaults:5)
  the Lernaean hydra (Swamp:4)
  3 curse toes
  4 caustic shrikes
  2 Killer Klowns
  Geryon (Hell)
  7 golden dragons
  Nikola (Spider:4)
  2 profane servitors
  3 pearl dragons
  The ghost of Shinoi the Bludgeoner, an adept MiFi of Gozag (Depths:2)
  12 bone dragons
  Arachne (Spider:4)
  The ghost of Agrougrou the Hoplite, an adept FoFi of Okawaru (Vaults:2)
  9 iron giants
  21 Brimstone Fiends
  Jorgrun (Spider:3)
  4 electric golems
  41 Tzitzimimeh
  12 doom hounds
  2 pandemonium lords (Pan)
  28 Ice Fiends
  8 Hell Sentinels
  15 tentacled monstrosities
  17 liches
  21 Orb Guardians (Zot:5)
  9 quicksilver dragons
  9 titans
  2 deep elf master archers (Elf:3)
  2 deep elf blademasters (Elf:3)
  24 acid blobs
  7 tentacled starspawn
  23 Executioners
  24 ancient champions
  A kraken (Abyss:4)
  4 sphinxes
  3 thorn hunters
  Gastronok (Lair:1)
  5 death cobs
  27 shadow dragons
  3 eldritch tentacles
  15 azure jellies
  7 tengu reavers
  20 daevas
  13 storm dragons
  7 blood saints (Pan)
  2 nagarajas (Depths:3)
  3 revenants
  14 fire giants
  17 frost giants
  4 draconian knights
  11 deep elf sorcerers
  7 ghost moths
  5 draconian monks
  31 balrugs
  14 vault wardens
  29 cacodemons
  5 draconian shifters
  7 iron dragons
  Louise (D:14)
  4 deep elf elementalists
  5 curse skulls
  6 draconian scorchers
  17 ironheart preservers
  An orc warlord (Vaults:4)
  A warmonger (Pan)
  7 emperor scorpions
  5 draconian annihilators
  29 angels
  14 ghouls
  3 black suns (Pan)
  A draconian stormcaller (Zot:1)
  A caustic shrike skeleton (Depths:4)
  15 war gargoyles
  2 elemental wellsprings
  34 very ugly things
  23 stone giants
  5 spriggan defenders
  66 reapers
  5 corrupters (Pan)
  13 deep elf demonologists
  16 ophanim
  4 lorocyprocas (Pan)
  16 vampire knights
  10 green draconians
  17 deep elf annihilators
  22 apis (Pan)
  A juggernaut skeleton (Depths:4)
  8 black draconians
  12 yellow draconians
  6 purple draconians
  2 entropy weavers
  10 red draconians
  7 white draconians
  8 spark wasps
  2 dire elephants
  19 blizzard demons
  19 ettins
  7 death oozes
  9 eidola
  11 deep elf death magi
  19 green deaths
  5 deep elf high priests
  A minotaur (Lab)
  14 fire dragons
  3 kraken zombies
  7 quicksilver dragon zombies
  13 yaktaur captains
  17 great orbs of eyes
  Snorg (Orc:1)
  A mummy priest (Crypt:3)
  31 vault guards
  A quicksilver dragon skeleton (Geh:2)
  7 rakshasas
  Josephine (D:15)
  7 jiangshi (Crypt:2)
  2 monstrous demonspawn (Pan)
  4 naga warriors (Depths:3)
  Harold (Lair:2)
  A juggernaut simulacrum (Depths:2)
  11 ghost crabs
  23 hydras
  27 ice dragons
  6 hell beasts
  2 catoblepae
  4 spriggan air magi
  10 centaur warriors
  5 death knights
  30 two-headed ogres
  8 death yaks
  8 ogre magi
  11 alligators
  10 hell hogs
  33 dancing weapons
  17 deep troll shamans
  3 shock serpents (Pan)
  6 vampire magi
  13 deep troll earth magi
  17 titan zombies
  11 spriggan berserkers
  29 deep elf knights
  10 thrashing horrors
  4 orc high priests
  2 tengu warriors (Depths:1)
  31 soul eaters
  3 iron golems
  A shock serpent (shapeshifter) (Depths:2)
  44 sun demons
  9 titan skeletons
  4 iron trolls
  11 storm dragon zombies
  5 golden dragon zombies
  A fire crab (Abyss:1)
  A fire crab (shapeshifter) (Depths:5)
  24 sixfirhies
  53 hell knights
  5 wretched stars
  A deep troll (shapeshifter) (Depths:5)
  118 skeletal warriors
  21 shadow wraiths
  9 small abominations
  9 swamp dragons
  2 ghost moth zombies
  A quicksilver dragon simulacrum (Abyss:5)
  37 deep trolls
  A death drake (Tar:7)
  A naga ritualist (Depths:3)
  17 shadow demons
  15 flayed ghosts
  An unseen horror (shapeshifter) (Vaults:2)
  6 storm dragon skeletons
  9 unseen horrors
  5 infernal demonspawn (Pan)
  A death drake (shapeshifter) (Depths:3)
  22 anaconda zombies
  A kraken simulacrum (Coc:7)
  A spatial maelstrom (Abyss:1)
  2 spriggan druids
  38 large abominations
  8 gelid demonspawn (Pan)
  8 torturous demonspawn (Pan)
  11 glowing orange brains
  8 wizards
  20 cherubim
  14 ironbrand convokers
  2 tengu zombies
  45 phantasmal warriors
  An iron giant skeleton (Crypt:1)
  3 shambling mangroves
  26 deep elf archers
  A harpy (Hell)
  18 orc knights
  11 anaconda skeletons
  4 shadow dragon zombies
  5 golden dragon skeletons
  7 stone giant zombies
  45 wolf spiders
  34 necromancers
  4 wolf spider zombies
  2 lindwurms (Lair:6)
  A lindwurm (shapeshifter) (Depths:1)
  80 deep elf magi
  15 orb spiders
  73 ugly things
  2 tengu skeletons
  3 oklob plants (Lair:4)
  7 orc sorcerers
  12 iron dragon zombies
  5 shadow dragon skeletons
  9 fire giant zombies
  4 manticores
  4 shining eyes
  A cyclops (D:15)
  12 frost giant zombies
  2 iron dragon skeletons
  3 mana vipers (Depths:3)
  23 moths of wrath
  2 worldbinders
  4 centaur zombies
  3 spriggan zombies
  9 fire giant skeletons
  3 shock serpent zombies
  40 rust devils
  4 torpor snails
  6 stone giant skeletons
  4 eyes of devastation
  2 elephants (Lair:6)
  14 frost giant skeletons
  3 naga magi
  14 vault sentinels
  3 titan simulacra (Coc:7)
  25 orange demons
  34 smoke demons
  An apocalypse crab (Abyss:5)
  7 black mambas
  3 dire elephant zombies
  Joseph (D:7)
  11 spiny frogs
  A shock serpent skeleton (Coc:7)
  7 storm dragon simulacra (Coc:7)
  2 guardian serpents
  7 molten gargoyles (Geh:7)
  2 ice statues (Hell)
  A red draconian zombie (Crypt:3)
  An emperor scorpion zombie (Geh:6)
  40 freezing wraiths
  2 yaktaur zombies
  63 yaktaurs
  33 hellions
  3 human zombies
  2 dire elephant skeletons
  2 spriggan skeletons (Depths:2)
  25 demonic crawlers
  A yaktaur (shapeshifter) (Depths:1)
  3 kobold demonologists
  10 rime drakes
  12 efreet
  10 komodo dragons
  A tengu conjurer (Depths:2)
  3 catoblepas zombies
  A death yak skeleton (Crypt:1)
  6 anaconda simulacra
  46 tormentors
  31 ice devils
  2 jumping spiders (shapeshifter)
  A redback zombie (D:15)
  5 silent spectres
  38 red devils
  25 hellwings (Pan)
  2 meliai (shapeshifter)
  3 ancient zymes
  18 hydra zombies
  2 merfolk
  A queen bee (shapeshifter) (Vaults:2)
  4 harpy zombies
  2 guardian mummies (Crypt:3)
  A purple draconian skeleton (Crypt:1)
  2 catoblepas skeletons
  A polar bear (Lair:5)
  A queen bee (D:14)
  5 trolls
  43 jumping spiders
  4 harpy skeletons
  22 hornets
  3 meliai (D:14)
  A shadow dragon simulacrum (Coc:6)
  A raiju (shapeshifter) (D:15)
  10 hydra skeletons
  9 tyrant leeches
  17 bog bodies
  12 alligator zombies
  118 slime creatures
  13 hippogriffs
  5 raiju
  2 dream sheep (shapeshifter)
  11 dream sheep
  A slime creature (shapeshifter) (Vaults:5)
  11 blink frogs
  A fire giant simulacrum (Coc:2)
  A hippogriff (shapeshifter) (Vaults:5)
  14 ettin zombies
  4 fire dragon zombies
  8 ettin skeletons
  9 ice dragon zombies
  5 alligator skeletons
  121 flying skulls
  31 shadows
  4 air elementals
  3 fire dragon skeletons
  A shock serpent simulacrum (Coc:5)
  A black mamba zombie (Tar:5)
  13 ynoxinuls
  38 tarantellas
  94 redbacks
  9 spriggans
  A black mamba skeleton (Geh:2)
  44 wraiths
  A redback (shapeshifter) (Vaults:1)
  An elf zombie (Vaults:5)
  2 ice dragon skeletons
  10 water elementals
  A vampire (D:15)
  24 fire elementals
  3 basilisks
  A tarantella (shapeshifter) (Vaults:2)
  A dire elephant simulacrum (Coc:2)
  11 golden eyes
  33 yaks
  A wyvern (shapeshifter) (Vaults:4)
  4 fire bats
  4 wyverns
  20 vampire mosquitoes
  22 humans (D:13)
  16 chaos spawn
  27 neqoxecs
  6 hungry ghosts
  A harpy simulacrum (Abyss:5)
  8 wargs
  A warg (shapeshifter) (Vaults:5)
  A naga (Abyss:5)
  A monstrous demonspawn zombie (Crypt:2)
  A deep troll zombie (Vaults:3)
  A gelid demonspawn zombie (Geh:5)
  A soldier ant (D:15)
  21 insubstantial wisps
  2 acid dragons
  2 merfolk zombies (Geh:7)
  14 swamp worms
  Duvessa (D:7)
  3 floating eyes
  39 hell hounds
  8 porcupines
  5 spiny frog zombies
  22 water moccasins
  7 hydra simulacra
  12 swamp drakes
  42 orc warriors
  6 spiny frog skeletons
  A deep troll skeleton (Vaults:2)
  A black bear (D:7)
  10 ice beasts
  2 sky beasts (shapeshifter)
  3 sky beasts
  An alligator simulacrum (Hell)
  10 boggarts
  6 manticore zombies
  47 necrophages
  7 snapping turtle zombies
  2 swamp dragon zombies
  4 ettin simulacra
  4 eyes of draining
  A swamp drake (shapeshifter) (Vaults:4)
  10 phantoms
  2 snapping turtle skeletons
  3 elf skeletons (Vaults:5)
  39 centaurs
  A manticore skeleton (Coc:3)
  2 swamp dragon skeletons
  23 ogres
  2 human skeletons
  12 crocodiles
  5 big kobolds
  An octopode zombie (Crypt:2)
  19 bullfrogs
  A gnoll sergeant (D:9)
  4 spiny frog simulacra
  2 water moccasin zombies
  7 earth elementals
  A cyclops zombie (Crypt:1)
  9 wyvern skeletons (Crypt:3)
  9 scorpions
  Dowan (D:7)
  A troll zombie (Tar:7)
  33 killer bees
  A water moccasin skeleton (D:8)
  An elf simulacrum (Vaults:5)
  76 wights
  5 electric eels
  A howler monkey (D:8)
  A troll skeleton (Tar:1)
  A yak skeleton (Crypt:1)
  13 crimson imps
  18 starcursed masses
  A bullfrog zombie (D:8)
  2 human simulacra
  6 hounds
  4 jellies
  31 orc wizards
  Crazy Yiuf (D:7)
  3 bullfrog skeletons
  4 iguanas
  24 orc priests
  A centaur skeleton (D:3)
  26 iron imps
  A demonspawn skeleton (Crypt:2)
  Terence (D:2)
  12 worker ants
  Ijyb (D:5)
  Natasha (D:3)
  5 hell rats
  A dwarf zombie (Crypt:2)
  A demigod skeleton (Crypt:1)
  A naga skeleton (Coc:3)
  An ogre skeleton (Geh:2)
  A hound skeleton (D:10)
  9 mummies
  A worker ant zombie (D:8)
  Robin (D:2)
  8 gnolls
  9 adders
  21 shadow imps
  18 white imps
  An ufetubus (Abyss:1)
  2 oozes (D:3)
  An adder skeleton (D:8)
  2 worms
  21 ball lightnings (Pan)
  3 dart slugs
  7 leopard geckos
  116 orcs
  2 ball pythons
  10 bats
  6 giant cockroaches
  12 goblins
  10 hobgoblins
  12 jackals
  15 kobolds
  2 quokkas
  2 frilled lizards
  2 jackal skeletons
  2 kobold zombies
  An orc skeleton (Geh:2)
  A quokka skeleton (D:9)
  5 rats
  A river rat skeleton (Crypt:1)
  18 briar patches
  A butterfly (D:4)
  9 crawling corpses
  A fungus (Lair:6)
  10 plants
  9 starspawn tentacles
  7 tentacles
  4 withered plants
5147 creatures vanquished.

Vanquished Creatures (collateral kills)
  An anaconda skeleton (Tar:7)
  A fire giant zombie (Geh:7)
  A hungry ghost (Tar:7)
  A necrophage (Tar:7)
  A jackal (D:10)
5 creatures vanquished.

Vanquished Creatures (others)
  A pandemonium lord (Pan)
  A golden dragon (Zot:4)
  An Ice Fiend (Pan)
  2 eldritch tentacles
  A shadow dragon (Vaults:5)
  An elemental wellspring (Coc:7)
  2 stone giants
  2 spriggan defenders (Depths:3)
  2 green deaths (Pan)
  An ettin (Depths:3)
  A blizzard demon (Coc:7)
  6 yaktaur captains
  A vault guard (Vaults:1)
  A rakshasa (Pan)
  2 centaur warriors
  An alligator (Swamp:4)
  2 soul eaters (Pan)
  A skeletal warrior (Coc:7)
  A sixfirhy (Pan)
  A deep elf archer (Vaults:5)
  A cherub (Pan)
  A glowing orange brain (Pan)
  A necromancer (Abyss:5)
  A rust devil (Hell)
  A smoke demon (Pan)
  An orange demon (Pan)
  6 yaktaurs
  A hellion (Geh:7)
  An ancient zyme (Abyss:3)
  A red devil (Geh:7)
  2 hornets (Depths:3)
  A bog body (Coc:7)
  A tarantella (Spider:4)
  2 spriggans (Depths:3)
  A water elemental (Hell)
  A wraith (Geh:2)
  A redback (Spider:4)
  2 neqoxecs (Pan)
  A large abomination (Pan)
  2 centaurs (Vaults:3)
  An orc wizard (Orc:2)
  A shadow imp (Tar:7)
  29 ball lightnings (Pan)
  2 briar patches
  A crawling corpse (Vaults:5)
  A demonic plant (Pan)
  14 fungi
  6 plants
  11 starspawn tentacles
  17 tentacles
  14 toadstools (D:5)
  18 withered plants (Crypt:3)
175 creatures vanquished.

Grand Total: 5327 creatures vanquished

Notes
Turn   | Place    | Note
-------+----------+-------------------------------------------
     0 | D:1      | dvd the Minotaur Fighter began the quest for the Orb.
     0 | D:1      | Reached XP level 1. HP: 19/19 MP: 0/0
   134 | D:1      | Reached XP level 2. HP: 26/27 MP: 1/1
   631 | D:1      | Reached XP level 3. HP: 32/33 MP: 2/2
   716 | D:2      | Noticed Terence
   722 | D:2      | Killed Terence
   768 | D:2      | Reached XP level 4. HP: 29/40 MP: 3/3
  1055 | D:2      | Noticed Robin
  1062 | D:2      | Killed Robin
  1577 | D:3      | Reached XP level 5. HP: 34/47 MP: 4/4
  1978 | D:3      | Noticed Natasha
  1984 | D:3      | Killed Natasha
  1984 | D:3      | Reached skill level 5 in Armour
  2097 | D:3      | Found a snail-covered altar of Cheibriados.
  2127 | D:3      | Reached skill level 5 in Axes
  2127 | D:3      | Reached XP level 6. HP: 52/53 MP: 5/5
  2287 | D:3      | Noticed Natasha
  2430 | D:3      | Became a worshipper of Cheibriados the Contemplative
  2505 | D:4      | Reached skill level 5 in Shields
  2614 | D:4      | Found a staircase to the Ecumenical Temple.
  2797 | D:4      | Reached skill level 1 in Dodging
  3256 | D:5      | Entered Level 5 of the Dungeon
  3278 | D:5      | Reached skill level 1 in Throwing
  3278 | D:5      | Reached XP level 7. HP: 46/60 MP: 6/6
  3374 | D:5      | Reached * piety under Cheibriados
  3526 | D:5      | Learned a level 1 spell: Infusion
  3600 | D:5      | Noticed Ijyb
  3606 | D:5      | Killed Ijyb
  3745 | D:5      | Found a deep blue altar of Sif Muna.
  4109 | D:5      | Reached skill level 5 in Fighting
  4296 | D:5      | Found a blossoming altar of Fedhas.
  4320 | D:5      | Noticed an oklob plant
  4522 | D:6      | Found Gaduer's General Store.
  4603 | D:6      | Reached XP level 8. HP: 65/68 MP: 7/7
  4718 | D:6      | Found a burning altar of Makhleb.
  4718 | D:6      | Noticed a balrug
  4852 | D:6      | Got a transparent rapier
  4853 | D:6      | Identified the +7 rapier "Cicann" {pierce, MP+9} (You found it on level 6 of the Dungeon)
  5057 | D:7      | Found a flagged portal.
  5067 | D:7      | Reached skill level 1 in Maces & Flails
  5079 | D:7      | Reached ** piety under Cheibriados
  5101 | Bailey   | Entered a bailey
  5126 | Bailey   | Reached skill level 1 in Short Blades
  5149 | Bailey   | Reached skill level 1 in Evocations
  5641 | Bailey   | Reached XP level 9. HP: 64/75 MP: 9/9
  5880 | Bailey   | Reached *** piety under Cheibriados
  6067 | Bailey   | Reached skill level 5 in Throwing
  6338 | D:7      | Noticed Joseph
  6346 | D:7      | Killed Joseph
  6347 | D:7      | Found Jidghef's General Store.
  6357 | D:7      | Bought a +2 broad axe of venom for 168 gold pieces
  6367 | D:7      | Learned a level 2 spell: Shroud of Golubria
  6371 | D:7      | Learned a level 3 spell: Regeneration
  6403 | D:7      | Found an opulent altar of Gozag.
  6430 | D:7      | Noticed Dowan
  6431 | D:7      | Noticed Duvessa
  6433 | D:7      | Killed Dowan
  6440 | D:7      | Killed Duvessa
  6750 | D:7      | Reached **** piety under Cheibriados
  6802 | D:7      | Found a bloodstained altar of Trog.
  6804 | D:7      | Found a radiant altar of Vehumet.
  6807 | D:7      | Found a shimmering altar of Xom.
  6808 | D:7      | Found an ornate altar of the Wu Jian Council.
  6808 | D:7      | Found an iron altar of Okawaru.
  6810 | D:7      | Found a shattered altar of Ashenzari.
  6811 | D:7      | Found a basalt altar of Yredelemnul.
  6812 | D:7      | Found a hide-covered altar of Uskayaw.
  6813 | D:7      | Found a hazy altar of Hepliaklqana.
  6820 | D:7      | Gained mutation: Your natural rate of healing is unusually fast. [potion of mutation]
  6820 | D:7      | Gained mutation: You have sharp fingernails. [potion of mutation]
  6820 | D:7      | Gained mutation: You have very sharp teeth. [potion of mutation]
  6820 | D:7      | Gained mutation: You are somewhat resistant to further mutation. [potion of mutation]
  6914 | D:7      | Found a runed door.
  6918 | D:7      | Noticed Crazy Yiuf
  6922 | D:7      | Killed Crazy Yiuf
  7094 | D:8      | Reached XP level 10. HP: 83/83 MP: 11/11
  7615 | D:9      | Reached ***** piety under Cheibriados
  7753 | D:9      | Reached skill level 1 in Stealth
  7757 | D:9      | Reached skill level 10 in Armour
  7953 | D:9      | Got a twitching marble ring
  7955 | D:9      | Identified the ring "Zeovof" {+Blink MP+9 Str+5 Stlth+} (You took it off an orc on level 9 of the Dungeon)
  8039 | D:9      | Found a staircase to the Lair.
  8116 | D:10     | Entered Level 10 of the Dungeon
  8385 | D:10     | Reached ****** piety under Cheibriados
  8413 | D:10     | Reached XP level 11. HP: 92/92 MP: 12/12
  8762 | D:10     | Noticed a two-headed ogre
  8766 | D:10     | Killed a two-headed ogre
  8766 | D:10     | Reached skill level 10 in Axes
  9346 | D:11     | Found a labyrinth entrance.
  9366 | Lab      | Entered a labyrinth
  9688 | Lab      | Noticed a minotaur
  9690 | Lab      | Killed a minotaur
  9695 | Lab      | Got a steaming pewter ring
  9695 | Lab      | Got a translucent iron amulet
  9697 | Lab      | Identified the ring "Vaoxao" {Ice +Fly rN+ MR+ Dex+2} (You took it off a minotaur in a labyrinth)
  9699 | Lab      | Identified the amulet "Missiak" {Inacc Dex+4} (You found it in a labyrinth)
  9772 | D:11     | Noticed a green ugly thing
  9775 | D:11     | Killed a green ugly thing
  9790 | D:11     | Noticed a purple ugly thing
  9795 | D:11     | Killed a purple ugly thing
  9844 | D:11     | Noticed a four-headed hydra
  9848 | D:11     | Killed a four-headed hydra
  9848 | D:11     | Reached skill level 10 in Throwing
  9893 | D:11     | Got an ancient dagger
  9946 | D:11     | Found a staircase to the Orcish Mines.
 10168 | D:11     | You fall through a shaft for 3 floors!
 10228 | D:13     | Noticed a centaur warrior
 10241 | D:13     | Killed a centaur warrior
 10297 | D:13     | Noticed a deep elf mage
 10303 | D:13     | Killed a deep elf mage
 10405 | D:13     | Found a frozen archway.
 10408 | D:13     | Noticed a catoblepas
 10424 | D:13     | Killed a catoblepas
 10424 | D:13     | Reached XP level 12. HP: 83/100 MP: 13/13
 10480 | D:13     | Noticed a centaur warrior
 10493 | D:13     | Killed a centaur warrior
 10754 | D:12     | Found Menaery's Assorted Antiques.
 10963 | D:12     | Noticed an eight-headed hydra
 10968 | D:12     | Killed an eight-headed hydra
 10972 | D:12     | Noticed a five-headed hydra
 10976 | D:12     | Killed a five-headed hydra
 11358 | D:13     | Noticed a centaur warrior
 11371 | D:13     | Killed a centaur warrior
 11480 | D:13     | Noticed a vault guard
 11491 | D:13     | Killed a vault guard
 11575 | D:13     | Reached XP level 13. HP: 104/108 MP: 14/14
 11638 | D:13     | Found a gate to the Vaults.
 11769 | D:13     | Identified the +10 dagger "Ehaulad" {freeze, rPois rN+} (You found it on level 11 of the Dungeon)
 11859 | D:13     | Upgraded the game from 0.20-a0-1050-g57248f3 to 0.20-a0-1058-g0491fde
 12032 | Lair:1   | Entered Level 1 of the Lair of Beasts
 12085 | Lair:1   | Learned a level 2 spell: Blink
 12119 | Lair:1   | Noticed Gastronok
 12131 | Lair:1   | Killed Gastronok
 12886 | Lair:2   | Noticed Harold
 12896 | Lair:2   | Killed Harold
 13198 | Lair:2   | Found a hole to the Spider Nest.
 13571 | Lair:3   | Found a staircase to the Swamp.
 14291 | Lair:4   | Reached skill level 10 in Shields
 14327 | Lair:4   | Identified a scroll of acquirement
 14971 | Lair:5   | Reached XP level 14. HP: 118/118 MP: 15/15
 15303 | Lair:5   | Identified the Incunabulum of the Yeti
 15933 | Lair:6   | Entered Level 6 of the Lair of Beasts
 16086 | Lair:6   | Found a viscous altar of Jiyva.
 16086 | Lair:6   | Found a staircase to the Slime Pits.
 16315 | Lair:6   | Reached skill level 10 in Fighting
 16612 | Lair:6   | Got a shimmering short sword
 16613 | Lair:6   | Identified the +5 short sword "Kuhej" {venom, +Rage rC- MR+++ Int+3} (You found it on level 6 of the Lair of Beasts)
 16625 | Lair:6   | Got a pitted bone ring
 16629 | Lair:6   | Identified the ring "Gamis" {MP+9 Stlth+} (You found it on level 6 of the Lair of Beasts)
 17413 | Orc:1    | Entered Level 1 of the Orcish Mines
 17555 | Orc:1    | Noticed Snorg
 17560 | Orc:1    | Killed Snorg
 17928 | Orc:1    | Noticed a stone giant
 17932 | Orc:1    | Killed a stone giant
 18024 | Orc:2    | Entered Level 2 of the Orcish Mines
 18090 | Orc:2    | Reached skill level 15 in Axes
 18129 | Orc:2    | Reached XP level 15. HP: 128/128 MP: 16/16
 18137 | Orc:2    | Found a staircase to the Elven Halls.
 18350 | Orc:2    | Reached skill level 15 in Armour
 18353 | Orc:2    | Reached skill level 1 in Invocations
 18599 | Orc:2    | Found Jekkuogg's Armour Shop.
 18599 | Orc:2    | Found Peonibef's Food Shoppe.
 18605 | Orc:2    | Found Maul's Antique Armour Shoppe.
 18605 | Orc:2    | Found Coanufro's Book Shop.
 18623 | Orc:2    | Bought a shiny scale mail for 203 gold pieces
 18804 | D:14     | Noticed Louise
 18821 | D:14     | Killed Louise
 18983 | D:14     | Found Ixuintop's Antique Armour Shoppe.
 18991 | D:14     | Bought a runed chain mail for 217 gold pieces
 19048 | D:14     | Found a shadowy altar of Dithmenos.
 19387 | D:15     | Entered Level 15 of the Dungeon
 19406 | D:15     | Noticed Josephine
 19419 | D:15     | Killed Josephine
 19594 | D:15     | Found a sparkling altar of Nemelex Xobeh.
 19645 | D:15     | Found a sacrificial altar of Ru.
 20251 | D:15     | Found a staircase to the Depths.
 20564 | Spider:1 | Entered Level 1 of the Spider Nest
 21161 | Spider:1 | Killed a ghost moth
 21576 | Spider:2 | Reached XP level 16. HP: 138/138 MP: 18/18
 21667 | Spider:2 | Reached skill level 5 in Invocations
 22097 | Spider:2 | Reached skill level 15 in Throwing
 23147 | Spider:3 | Noticed Jorgrun
 23154 | Spider:3 | Killed Jorgrun
 23454 | Spider:4 | Entered Level 4 of the Spider Nest
 23790 | Spider:4 | Reached XP level 17. HP: 148/148 MP: 21/21
 24069 | Spider:4 | Noticed Arachne
 24070 | Spider:4 | Noticed Nikola
 24084 | Spider:4 | Killed Arachne
 24096 | Spider:4 | Killed Nikola
 24501 | Spider:4 | Got a gossamer rune of Zot
 24645 | Swamp:1  | Entered Level 1 of the Swamp
 25897 | Swamp:2  | Learned a level 5 spell: Aura of Abjuration
 26646 | Swamp:3  | Reached XP level 18. HP: 127/158 MP: 22/22
 26838 | Swamp:3  | Got a brightly glowing bardiche
 26839 | Swamp:3  | Identified the +3 bardiche "Ger Utor" {chop, rF++ rC+ Int-3} (You found it on level 3 of the Swamp)
 27184 | Swamp:4  | Entered Level 4 of the Swamp
 27465 | Swamp:4  | Got a faintly glowing lapis lazuli ring
 27467 | Swamp:4  | Identified the ring "Ythonist" {Wiz rN+ Int+5} (You found it on level 4 of the Swamp)
 27834 | Swamp:4  | Noticed the 27-headed Lernaean hydra
 27852 | Swamp:4  | Killed the 27-headed Lernaean hydra
 27852 | Swamp:4  | Reached skill level 5 in Maces & Flails
 28112 | Swamp:4  | Got a decaying rune of Zot
 28623 | Vaults:1 | Entered Level 1 of the Vaults
 28796 | Vaults:1 | Got a smoking zirconium amulet
 28798 | Vaults:1 | Identified the amulet "Xotudo" {Gourm rN+} (You found it on level 1 of the Vaults)
 28966 | Vaults:1 | Reached skill level 15 in Shields
 29164 | Vaults:1 | Found Doazipro's Jewellery Shoppe.
 29184 | Vaults:1 | Got a warped large shield
 29195 | Vaults:1 | Identified the cursed -2 large shield of Democracy {-Tele MP+9 Str+10} (You found it on level 1 of the Vaults)
 30172 | Vaults:2 | Reached XP level 19. HP: 117/168 MP: 23/23
 30479 | Vaults:2 | Noticed Agrougrou's ghost (adept FoFi)
 30486 | Vaults:2 | Killed Agrougrou's ghost
 30909 | Lair:4   | Got a steaming chain mail
 30920 | Lair:4   | Identified the +4 chain mail of Thoughtfulness {rF+ rC+} (You found it on level 4 of the Lair of Beasts)
 31196 | Elf:1    | Entered Level 1 of the Elven Halls
 32462 | Elf:1    | Reached skill level 15 in Fighting
 32915 | Elf:2    | Found Pop Baip's Gadget Shop.
 33082 | Elf:2    | Cast into level 2 of the Abyss (hand axe of distortion)
 33093 | Elf:2    | Escaped the Abyss
 33136 | Elf:2    | Reached skill level 1 in Necromancy
 33157 | Elf:2    | Reached skill level 1 in Spellcasting
 33257 | Elf:2    | Reached skill level 1 in Charms
 33358 | Elf:2    | Found a large runed door.
 33358 | Elf:2    | Found a large runed door.
 33387 | Elf:2    | Found a large runed door.
 33387 | Elf:2    | Found a large runed door.
 34033 | Elf:3    | Entered Level 3 of the Elven Halls
 34245 | Elf:3    | Found Neced's Assorted Antiques.
 34349 | Elf:3    | Reached XP level 20. HP: 164/178 MP: 21/24
 35395 | Elf:3    | Learned a level 2 spell: Poisonous Vapours
 35400 | Elf:3    | Learned a level 4 spell: Olgreb's Toxic Radiance
 35528 | Elf:3    | Got encrusted ice dragon scales
 35539 | Elf:3    | Identified the +3 ice dragon scales of an ossuary {rElec rF- rC++ Str+7} (You found it on level 3 of the Elven Halls)
 35594 | Elf:3    | Got an iridescent dagger {flame}
 35595 | Elf:3    | Identified the cursed +1 dagger "Ehiwnunk" {flame, rC- Int+4} (You took it off a deep elf annihilator on level 3 of the Elven Halls)
 36286 | Vaults:2 | Paralysed by an orc sorcerer for 2 turns
 36352 | Vaults:2 | Paralysed by a wizard for 3 turns
 36549 | Vaults:2 | Found Jucvi's Antique Armour Emporium.
 36554 | Vaults:2 | Bought a translucent plate armour for 980 gold pieces
 36566 | Vaults:2 | Identified the +4 plate armour of the Little Devil {rPois rF- Regen+ MP+9} (You bought it in a shop on level 2 of the Vaults)
 36789 | Vaults:2 | Reached skill level 1 in Translocations
 36842 | Vaults:2 | Reached skill level 5 in Dodging
 37005 | Vaults:2 | Reached XP level 21. HP: 182/187 MP: 26/26
 37076 | Vaults:3 | Found Qemuclit's Magic Scroll Shoppe.
 37121 | Vaults:2 | Bought a spiked scale mail for 315 gold pieces
 37131 | Vaults:2 | Identified the +6 scale mail of Hedge Wizardry {rN+ Int+3 SInv} (You bought it in a shop on level 2 of the Vaults)
 37247 | Vaults:3 | Found Lipreree's Antique Armour Emporium.
 37252 | Vaults:3 | Bought a scorched plate armour for 1260 gold pieces
 37262 | Vaults:3 | Identified the cursed +0 plate armour "Atzo" {rC+ Int+4} (You bought it in a shop on level 3 of the Vaults)
 37645 | Vaults:3 | Found Folachaz's Book Boutique.
 37646 | Vaults:3 | Found Odenyari's Assorted Antiques.
 38167 | Vaults:3 | Found a staircase to the Crypt.
 38325 | Vaults:3 | Found Faotij's Distillery.
 38453 | Vaults:4 | Found Pikom's Antique Armour Emporium.
 39277 | Vaults:4 | Gained mutation: Your spells are a little harder to cast, but a little more powerful. [mutagenic meat]
 39439 | Vaults:4 | Got a pitted demon trident {pain}
 39440 | Vaults:4 | Identified the +10 demon trident of Insufficient Pleasure {pain, Dex+4} (You took it off an ironbrand convoker on level 4 of the Vaults)
 39611 | Vaults:4 | Identified the Incunabulum of Moulding
 39863 | Depths:1 | Entered Level 1 of the Depths
 39873 | Depths:1 | Reached skill level 1 in Polearms
 39925 | Depths:1 | Reached XP level 22. HP: 198/198 MP: 27/27
 40073 | Depths:1 | Found a gateway to Hell.
 40140 | Depths:1 | Found a runed door.
 40143 | Depths:1 | Noticed a caustic shrike
 40144 | Depths:1 | Noticed a caustic shrike
 40476 | Depths:1 | Reached skill level 5 in Translocations
 40478 | Depths:1 | Killed a caustic shrike
 40751 | Depths:1 | Killed a caustic shrike
 40751 | Depths:1 | Reached skill level 5 in Stealth
 40819 | Depths:1 | Identified the +9 longbow of Sufotet {flame, rC- MR++ Stlth+} (You found it on level 1 of the Depths)
 41237 | Depths:2 | Noticed a golden dragon
 41243 | Depths:2 | Noticed a golden dragon
 41250 | Depths:2 | Killed a golden dragon
 41252 | Depths:2 | Killed a golden dragon
 41363 | Depths:2 | Noticed a caustic shrike
 41373 | Depths:2 | Killed a caustic shrike
 41383 | Depths:2 | Identified the Handbook of the Farrier
 41625 | Depths:2 | Reached skill level 5 in Polearms
 41625 | Depths:2 | Reached XP level 23. HP: 185/206 MP: 28/28
 41627 | Depths:2 | Noticed a caustic shrike
 41638 | Depths:2 | Killed a caustic shrike
 41668 | Depths:2 | Identified Rieghuni's Catalogue of Arcane Weapons and Toxins
 41770 | Depths:2 | Got an ancient hunting sling
 41771 | Depths:2 | Identified the +10 hunting sling "Panyisim" {speed, +Fly MP+9 Dex+4} (You found it on level 2 of the Depths)
 41921 | Depths:2 | Noticed Shinoi's ghost (adept MiFi)
 41933 | Depths:2 | Killed Shinoi's ghost
 42063 | Depths:2 | Got a pair of translucent boots
 42074 | Depths:2 | Identified the +0 pair of boots of Oroara {*Corrode rF+ rC+} (You found it on level 2 of the Depths)
 42189 | Depths:2 | Noticed a caustic shrike
 42189 | Depths:2 | an iron giant changed into a caustic shrike
 42194 | Depths:2 | a caustic shrike changed into a golden dragon
 42198 | Depths:2 | Noticed a shard shrike
 42198 | Depths:2 | a golden dragon changed into a shard shrike
 42202 | Depths:2 | Noticed a juggernaut
 42206 | Depths:2 | Killed a juggernaut
 43021 | Depths:3 | Found a one-way gate leading to the halls of Pandemonium.
 43464 | Depths:3 | Identified the +1 ring mail of the Empire {rElec rPois rF+} (You found it on level 3 of the Depths)
 43999 | Depths:4 | Reached skill level 1 in Summonings
 44071 | Depths:4 | Reached XP level 24. HP: 164/218 MP: 28/28
 44076 | Depths:4 | Found a glowing silver altar of Zin.
 44849 | Depths:4 | Found a one-way gate to the infinite horrors of the Abyss.
 45255 | Vaults:5 | Entered Level 5 of the Vaults
 45328 | Vaults:5 | Noticed Margery
 45407 | Vaults:5 | Killed Margery
 46044 | Vaults:5 | Reached XP level 25. HP: 175/228 MP: 29/29
 46134 | Vaults:5 | Got a fine crystal plate armour
 46145 | Vaults:5 | Identified the +1 crystal plate armour "Purchueta" {Int+4 Stlth+} (You acquired it on level 5 of the Vaults)
 46167 | Vaults:5 | Reached skill level 5 in Spellcasting
 46244 | Vaults:5 | Got a smoking marble ring
 46246 | Vaults:5 | Identified the ring of Zuimyn {rCorr rElec rF+ Int-4 SInv} (You took it off a frost giant on level 5 of the Vaults)
 46264 | Vaults:5 | Reached skill level 5 in Summonings
 46357 | Vaults:5 | Got a clouded steel amulet
 46359 | Vaults:5 | Identified the amulet of Lady Luck {Reflect rN++ Int+2 Dex-2 SH+2} (You took it off a vault warden on level 5 of the Vaults)
 46483 | Vaults:5 | Noticed an ancient lich
 46494 | Vaults:5 | Killed an ancient lich
 46816 | Vaults:5 | Noticed an ancient lich
 46825 | Vaults:5 | Killed an ancient lich
 47059 | Vaults:5 | Identified Tikuw's Collected Works on Talismans and the Mountains
 47065 | Vaults:5 | Got a silver rune of Zot
 47373 | Vaults:5 | Identified the cursed +0 chain mail of Rukeyts {*Slow +Blink Int+4 Dex+5} (You took it off a deep elf high priest on level 5 of the Vaults)
 47447 | Vaults:5 | Upgraded the game from 0.20-a0-1058-g0491fde to 0.20-a0-1062-g7b787ac
 47645 | Crypt:1  | Entered Level 1 of the Crypt
 48665 | Crypt:2  | Reached skill level 10 in Maces & Flails
 48982 | Crypt:3  | Entered Level 3 of the Crypt
 49387 | Crypt:3  | Found a basalt altar of Yredelemnul.
 49390 | Crypt:3  | Reached XP level 26. HP: 239/239 MP: 31/31
 49668 | Crypt:3  | Got a pair of scorched gloves
 49679 | Crypt:3  | Identified the +0 pair of gloves "Zaq Hoy" {rN+ Int+4 Dex+5} (You acquired it on level 3 of the Crypt)
 49857 | Crypt:3  | Got a brightly glowing ivory ring
 49859 | Crypt:3  | Identified the ring "Cukat" {*Corrode +Inv rF+ rN+ Int+4} (You found it on level 3 of the Crypt)
 49865 | Crypt:3  | Got a scintillating copper ring
 49865 | Crypt:3  | Got a wavering wooden ring
 49867 | Crypt:3  | Identified the ring of Posezutu {+Fly rN+ Str-2 Dex+8 SInv} (You found it on level 3 of the Crypt)
 49869 | Crypt:3  | Identified the ring of Xyisuel {rN+ Int+5 Stlth+} (You found it on level 3 of the Crypt)
 50003 | Vaults:3 | Bought a scroll of enchant armour for 135 gold pieces
 50164 | Crypt:3  | Found a staircase to the Tomb.
 50919 | Crypt:1  | Noticed Mennas
 50944 | Crypt:1  | Killed Mennas
 51320 | Slime:1  | Entered Level 1 of the Pits of Slime
 51691 | Slime:3  | Noticed Dissolution
 51697 | Slime:3  | Gained mutation: You are frail. (-10% HP) [a shining eye]
 51706 | Slime:3  | Killed Dissolution
 51710 | Slime:3  | Lost mutation: You are frail. (-10% HP) [potion of mutation]
 51710 | Slime:3  | Lost mutation: Your spells are a little harder to cast, but a little more powerful. [potion of mutation]
 51710 | Slime:3  | Lost mutation: You have sharp fingernails. [potion of mutation]
 51710 | Slime:3  | Lost mutation: You are somewhat resistant to further mutation. [potion of mutation]
 51710 | Slime:3  | Gained mutation: Your body sometimes deteriorates upon taking damage. [potion of mutation]
 51710 | Slime:3  | Gained mutation: You are robust. (+10% HP) [potion of mutation]
 52538 | Slime:5  | Entered Level 5 of the Pits of Slime
 52551 | Slime:5  | Gained mutation: You occasionally shout uncontrollably at your foes. [a shining eye]
 52583 | Slime:5  | Noticed the Royal Jelly
 52591 | Slime:5  | Killed the Royal Jelly
 52761 | Slime:5  | Identified the Grimoire of Floating Venom
 52787 | Slime:5  | Reached XP level 27. HP: 269/272 MP: 33/33
 52795 | Slime:5  | Identified the ring "Nudwigu" {+Inv rN+++ Str-3 Int-2 Stlth-} (You found it on level 5 of the Pits of Slime)
 52829 | Slime:5  | Got a transparent wooden ring
 52831 | Slime:5  | Identified the ring "Fod Loesm" {rElec AC+2 Str+4} (You found it on level 5 of the Pits of Slime)
 52840 | Slime:5  | Identified Asmodeus's Grimoire of the Escort
 52864 | Slime:5  | Got a slimy rune of Zot
 52888 | Slime:5  | Got an ichor-stained great mace
 52889 | Slime:5  | Identified the +7 great mace of Inflation {crush, rPois} (You found it on level 5 of the Pits of Slime)
 52922 | Slime:5  | Got a crude long sword
 52923 | Slime:5  | Identified the +8 long sword of Collusion {flame, +Inv Str-5 Int+3} (You found it on level 5 of the Pits of Slime)
 52934 | Slime:5  | Got a bloodstained morningstar
 52935 | Slime:5  | Identified the +7 morningstar of the Original Sin {elec, rF+ rC- Int+6 SInv} (You found it on level 5 of the Pits of Slime)
 52961 | Slime:5  | Identified the +1 ring mail of Wowi {rC+ rN+ MR+} (You found it on level 5 of the Pits of Slime)
 52991 | Slime:5  | Gained mutation: Your body often deteriorates upon taking damage. [a shining eye]
 53311 | Slime:4  | Paralysed by a floating eye for 3 turns
 53678 | Hell     | Entered the Vestibule of Hell
 53678 | Hell     | Noticed Geryon
 53995 | Hell     | Killed Geryon
 54133 | Hell     | Found a gateway to the ashen valley of Gehenna.
 54202 | Hell     | Found a gateway to the decaying netherworld of Tartarus.
 54273 | Hell     | Found a gateway to the freezing wastes of Cocytus.
 54344 | Hell     | Found a gateway to the Iron City of Dis.
 54594 | Depths:4 | Voluntarily entered the Abyss.
 54606 | Abyss:1  | Found a corrupted altar of Lugonu.
 54995 | Abyss:1  | Gained mutation: Armour fits poorly on your strangely shaped body. [a neqoxec]
 55251 | Abyss:2  | Found a corrupted altar of Lugonu.
 55290 | Abyss:3  | Found a corrupted altar of Lugonu.
 55402 | Abyss:3  | Paralysed by accursed screaming for 1 turns
 55437 | Abyss:3  | Lost mutation: Your body often deteriorates upon taking damage. [a cacodemon]
 55669 | Abyss:5  | Entered Level 5 of the Abyss
 55815 | Abyss:5  | Found a glowing golden altar of the Shining One.
 55846 | Abyss:5  | Noticed a juggernaut
 55850 | Abyss:5  | Killed a juggernaut
 55854 | Abyss:5  | Got an abyssal rune of Zot
 55912 | Abyss:5  | Paralysed by accursed screaming for 1 turns
 55930 | Depths:4 | Escaped the Abyss
 55933 | Depths:4 | Gained mutation: Your magical capacity is low. (-10% MP) [mutagenic meat]
 55934 | Depths:4 | Gained mutation: You are partially covered in large bone plates. (SH +4) [mutagenic meat]
 55935 | Depths:4 | Gained mutation: Your flesh is heat resistant. (rF+) [mutagenic meat]
 55936 | Depths:4 | Lost mutation: Armour fits poorly on your strangely shaped body. [mutagenic meat]
 55986 | Depths:5 | Entered Level 5 of the Depths
 56010 | Depths:5 | Gained mutation: You have sharp toenails. [mutagenic meat]
 56012 | Depths:5 | Gained mutation: Your system is resistant to poisons. (rPois) [mutagenic meat]
 56047 | Depths:5 | Found a gateway to a ziggurat.
 56058 | Depths:5 | Reached skill level 5 in Necromancy
 56441 | Depths:5 | Reached skill level 10 in Summonings
 56475 | Depths:5 | Found a runed door.
 56653 | Depths:5 | Noticed Xtahua
 56668 | Depths:5 | Killed Xtahua
 56844 | Depths:5 | Found a runed door.
 56860 | Depths:5 | Found a runed door.
 56874 | Depths:5 | Found a runed door.
 56933 | Depths:5 | Found a gate to the Realm of Zot.
 56999 | Depths:5 | Found a runed door.
 57024 | Depths:5 | Found a runed door.
 57449 | Pan      | Entered Pandemonium
 57449 | Pan      | Found a glowing golden altar of the Shining One.
 57464 | Pan      | Noticed a seraph
 57471 | Pan      | Killed a seraph
 57471 | Pan      | Reached skill level 5 in Charms
 57553 | Pan      | Got a faintly glowing pewter amulet
 57565 | Pan      | Identified the amulet "Zeasud" {Gourm rElec Int+4} (You took it off a seraph in Pandemonium)
 57572 | Pan      | Got a demonic rune of Zot
 57610 | Pan      | Got a dazzling flail
 57611 | Pan      | Identified the +11 flail "Cijitho Ikke" {venom, Int+4 SInv} (You found it in Pandemonium)
 57954 | Pan      | Found a glowing silver altar of Zin.
 58684 | Pan      | Found a white marble altar of Elyvilon.
 58787 | Pan      | Got a smoking hand axe
 58788 | Pan      | Identified the +12 hand axe of Generosity {flame, rN+ MR+ Dex+4} (You found it in Pandemonium)
 60145 | Pan      | Reached skill level 10 in Spellcasting
 60169 | Pan      | Found an exit through the horrors of the Abyss.
 60283 | Pan      | Found an exit through the horrors of the Abyss.
 60331 | Pan      | Gained mutation: Scrolls take you a little longer to read. [a neqoxec]
 60333 | Pan      | Gained mutation: You are weak. (Str -2) [a neqoxec]
 60363 | Pan      | Entered the realm of Lom Lobon.
 60454 | Pan      | Found an exit through the horrors of the Abyss.
 60610 | Pan      | Learned a level 7 spell: Summon Hydra
 61159 | Pan      | Noticed Lom Lobon
 61177 | Pan      | Reached skill level 10 in Invocations
 61221 | Pan      | Got a magical rune of Zot
 61248 | Pan      | Found an exit through the horrors of the Abyss.
 61616 | Pan      | Noticed Wipuggix the pandemonium lord
 61631 | Pan      | Killed Wipuggix the pandemonium lord
 61862 | Pan      | Noticed Ataserch Gusa the pandemonium lord
 61891 | Pan      | Killed Ataserch Gusa the pandemonium lord
 62060 | Pan      | Lost mutation: You are robust. (+10% HP) [a neqoxec]
 62066 | Pan      | Lost mutation: You have sharp toenails. [potion of mutation]
 62066 | Pan      | Lost mutation: You occasionally shout uncontrollably at your foes. [potion of mutation]
 62066 | Pan      | Lost mutation: Your magical capacity is low. (-10% MP) [potion of mutation]
 62066 | Pan      | Lost mutation: Scrolls take you a little longer to read. [potion of mutation]
 62066 | Pan      | Gained mutation: Your flesh is very heat resistant. (rF++) [potion of mutation]
 62066 | Pan      | Gained mutation: You are very weak. (Str -4) [potion of mutation]
 62066 | Pan      | Gained mutation: Your skin changes colour to match your surroundings (Stealth+). [potion of mutation]
 62112 | Pan      | Entered the realm of Cerebov.
 62456 | Pan      | Found an exit through the horrors of the Abyss.
 62689 | Pan      | Identified the ring of the Oligarchy {rPois rN+ Str+2} (You took it off an efreet in Pandemonium)
 62978 | Pan      | Noticed Cerebov
 62999 | Pan      | Killed Cerebov
 63005 | Pan      | Identified the ring "Acrel" {*Corrode rC+ rN+ MR+} (You took it off Cerebov in Pandemonium)
 63017 | Pan      | Got a fiery rune of Zot
 63063 | Pan      | Identified the ring of Guarer {rCorr rN+ MP+9 Str+3 Int-4} (You found it in Pandemonium)
 63126 | Pan      | Identified the Compendium of the Shifting Oath
 63134 | Pan      | Got an iridescent hunting sling
 63135 | Pan      | Identified the +9 hunting sling of Moshrao {venom, rPois Dex+8} (You found it in Pandemonium)
 63233 | Pan      | Found an exit through the horrors of the Abyss.
 63238 | Pan      | Noticed Lom Lobon
 63267 | Pan      | Noticed Ochou the pandemonium lord
 63268 | Pan      | Entered the realm of Gloorx Vloq.
 63767 | Pan      | Found an exit through the horrors of the Abyss.
 63780 | Pan      | Reached skill level 1 in Air Magic
 64271 | Pan      | Noticed Gloorx Vloq
 64287 | Pan      | Killed Gloorx Vloq
 64313 | Pan      | Got a dark rune of Zot
 64422 | Pan      | Found an exit through the horrors of the Abyss.
 64828 | Pan      | Found an exit through the horrors of the Abyss.
 64983 | Pan      | Noticed Sieg the pandemonium lord
 65000 | Pan      | Killed Sieg the pandemonium lord
 65080 | Pan      | Entered the realm of Mnoleg.
 65089 | Pan      | Noticed Mnoleg
 65091 | Pan      | Gained mutation: You are clumsy. (Dex -2) [a neqoxec]
 65112 | Pan      | Paralysed by a floating eye for 2 turns
 65115 | Pan      | Killed Mnoleg
 65118 | Pan      | Gained mutation: Your body often deteriorates upon taking damage. [a cacodemon]
 65127 | Pan      | Gained mutation: Armour fits poorly on your strangely shaped body. [a cacodemon]
 65264 | Pan      | Found an exit through the horrors of the Abyss.
 65400 | Pan      | Lost mutation: Your natural rate of healing is unusually fast. [a shining eye]
 65409 | Pan      | Gained mutation: You are dopey. (Int -2) [a neqoxec]
 65431 | Pan      | Gained mutation: You are very dopey. (Int -4) [a cacodemon]
 65456 | Pan      | Gained mutation: You expend magic power (3 MP) to strengthen your wands. [a neqoxec]
 65481 | Pan      | Gained mutation: Scrolls take you a little longer to read. [a cacodemon]
 65482 | Pan      | Gained mutation: You do not regenerate when monsters are visible. [a neqoxec]
 65486 | Pan      | Gained mutation: You are very clumsy. (Dex -4) [a cacodemon]
 65524 | Pan      | Lost mutation: Your body often deteriorates upon taking damage. [mutagenic meat]
 65526 | Pan      | Lost mutation: Your body sometimes deteriorates upon taking damage. [mutagenic meat]
 65528 | Pan      | Lost mutation: Scrolls take you a little longer to read. [mutagenic meat]
 65529 | Pan      | Lost mutation: You expend magic power (3 MP) to strengthen your wands. [mutagenic meat]
 65534 | Pan      | Lost mutation: Your skin changes colour to match your surroundings (Stealth+). [mutagenic meat]
 65545 | Pan      | Lost mutation: You are very weak. (Str -4) [a cacodemon]
 65595 | Pan      | Gained mutation: You are very weak. (Str -4) [a shining eye]
 65687 | Pan      | Got a glowing rune of Zot
 65775 | Pan      | Gained mutation: You are frail. (-10% HP) [a neqoxec]
 65776 | Pan      | Gained mutation: You expend magic power (3 MP) to strengthen your wands. [a neqoxec]
 65777 | Pan      | Gained mutation: You are very frail. (-20% HP) [a neqoxec]
 65788 | Pan      | Got a coiled turquoise ring
 65790 | Pan      | Identified the ring of Camum {*Corrode rElec rPois Int+4 Slay+5} (You found it in Pandemonium)
 65791 | Pan      | Lost mutation: Your flesh is very heat resistant. (rF++) [potion of mutation]
 65791 | Pan      | Lost mutation: You are very clumsy. (Dex -4) [potion of mutation]
 65791 | Pan      | Lost mutation: You expend magic power (3 MP) to strengthen your wands. [potion of mutation]
 65791 | Pan      | Lost mutation: You are very frail. (-20% HP) [potion of mutation]
 65791 | Pan      | Gained mutation: You are partially covered in icy blue scales. (AC +2) [potion of mutation]
 65792 | Pan      | Lost mutation: You are very weak. (Str -4) [potion of mutation]
 65792 | Pan      | Lost mutation: You are weak. (Str -2) [potion of mutation]
 65792 | Pan      | Lost mutation: You do not regenerate when monsters are visible. [potion of mutation]
 65792 | Pan      | Lost mutation: You have very sharp teeth. [potion of mutation]
 65792 | Pan      | Lost mutation: Your flesh is heat resistant. (rF+) [potion of mutation]
 65792 | Pan      | Lost mutation: You are clumsy. (Dex -2) [potion of mutation]
 65792 | Pan      | Gained mutation: Your muscles are strong. (Str +2) [potion of mutation]
 65792 | Pan      | Lost mutation: Your muscles are strong. (Str +2) [potion of mutation]
 65792 | Pan      | Gained mutation: You possess an exceptional clarity of mind. [potion of mutation]
 65793 | Pan      | Lost mutation: You are partially covered in large bone plates. (SH +4) [potion of mutation]
 65793 | Pan      | Lost mutation: Armour fits poorly on your strangely shaped body. [potion of mutation]
 65793 | Pan      | Lost mutation: You are frail. (-10% HP) [potion of mutation]
 65793 | Pan      | Lost mutation: You are very dopey. (Int -4) [potion of mutation]
 65793 | Pan      | Lost mutation: You are dopey. (Int -2) [potion of mutation]
 65793 | Pan      | Gained mutation: You are mostly covered in icy blue scales. (AC +3) [potion of mutation]
 65793 | Pan      | Gained mutation: You can translocate small distances at will. [potion of mutation]
 65793 | Pan      | Gained mutation: You are partially covered in thin metallic scales. (AC +2) [potion of mutation]
 65828 | Pan      | Took an exit into the Abyss.
 65828 | Abyss:1  | Escaped into the Abyss
 65838 | Abyss:1  | Noticed an ancient lich
 65847 | Abyss:1  | Killed an ancient lich
 65854 | Abyss:1  | Found a corrupted altar of Lugonu.
 65889 | Depths:3 | Escaped the Abyss
 65892 | Depths:3 | Upgraded the game from 0.20-a0-1062-g7b787ac to 0.20-a0-1065-g8446734
 66007 | Coc:1    | Entered Level 1 of Cocytus
 67945 | Coc:7    | Entered Level 7 of Cocytus
 68758 | Coc:7    | Noticed Antaeus
 68780 | Coc:7    | Killed Antaeus
 68784 | Coc:7    | Identified the amulet "Cewessuz" {+Rage rElec rPois Str+4} (You took it off Antaeus on level 7 of Cocytus)
 68825 | Coc:7    | Got an icy rune of Zot
 69082 | Dis:1    | Entered Level 1 of the Iron City of Dis
 69131 | Dis:1    | Found a huge runed gate.
 69131 | Dis:1    | Found a huge runed gate.
 69131 | Dis:1    | Found a huge runed gate.
 69131 | Dis:1    | Found a huge runed gate.
 69131 | Dis:1    | Found a huge runed gate.
 69131 | Dis:1    | Found a huge runed gate.
 69131 | Dis:1    | Found a huge runed gate.
 69131 | Dis:1    | Found a huge runed gate.
 69131 | Dis:1    | Found a huge runed gate.
 69131 | Dis:1    | Found a huge runed gate.
 69358 | Dis:4    | Reached skill level 27 in Armour
 69562 | Dis:5    | Gained mutation: Your muscles are strong. (Str +2) [a cacodemon]
 69800 | Dis:6    | Reached skill level 27 in Shields
 69947 | Dis:7    | Entered Level 7 of the Iron City of Dis
 70253 | Dis:7    | Reached skill level 15 in Invocations
 71864 | Dis:7    | Noticed Dispater
 71890 | Dis:7    | Killed Dispater
 71932 | Dis:7    | Got an iron rune of Zot
 71966 | Dis:7    | Reached skill level 15 in Maces & Flails
 71976 | Dis:7    | Reached skill level 15 in Summonings
 72242 | Tar:1    | Entered Level 1 of Tartarus
 73062 | Tar:7    | Entered Level 7 of Tartarus
 73355 | Tar:7    | Noticed herpmino's ghost (legendary FoFi)
 73374 | Tar:7    | Killed herpmino's ghost
 73595 | Tar:7    | Reached skill level 10 in Necromancy
 74876 | Tar:7    | Reached skill level 27 in Fighting
 75112 | Tar:7    | Reached skill level 27 in Axes
 75341 | Tar:7    | Reached skill level 10 in Polearms
 75373 | Tar:7    | Noticed Ereshkigal
 76050 | Tar:7    | Killed Ereshkigal
 76061 | Tar:7    | Got a bone rune of Zot
 76116 | Tar:7    | Reached skill level 15 in Spellcasting
 76356 | Geh:1    | Entered Level 1 of Gehenna
 76922 | Geh:5    | Gained mutation: You expend magic power (3 MP) to strengthen your wands. [mutagenic glow]
 76997 | Geh:5    | Reached skill level 5 in Air Magic
 77095 | Geh:7    | Entered Level 7 of Gehenna
 77394 | Geh:7    | Noticed the Serpent of Hell
 77413 | Geh:7    | Killed the Serpent of Hell
 77590 | Geh:7    | Noticed Asmodeus
 77874 | Geh:7    | Reached skill level 10 in Charms
 78003 | Geh:7    | Killed Asmodeus
 78003 | Geh:7    | Reached skill level 15 in Polearms
 78015 | Geh:7    | Got an obsidian rune of Zot
 78375 | Zot:1    | Entered Level 1 of the Realm of Zot
 80823 | Zot:4    | Reached skill level 10 in Air Magic
 81114 | Zot:5    | Entered Level 5 of the Realm of Zot
 81365 | Zot:5    | Noticed an ancient lich
 81375 | Zot:5    | Killed an ancient lich
 81391 | Zot:5    | Noticed an orb of fire
 81396 | Zot:5    | Lost mutation: You possess an exceptional clarity of mind. [an orb of fire]
 81397 | Zot:5    | Gained mutation: You are occasionally teleported next to monsters. [an orb of fire]
 81399 | Zot:5    | Killed an orb of fire
 81402 | Zot:5    | Noticed an orb of fire
 81403 | Zot:5    | Gained mutation: Scrolls take you a little longer to read. [an orb of fire]
 81406 | Zot:5    | Noticed an orb of fire
 81408 | Zot:5    | Noticed an orb of fire
 81412 | Zot:5    | Gained mutation: You are frail. (-10% HP) [an orb of fire]
 81413 | Zot:5    | Killed an orb of fire
 81414 | Zot:5    | Killed an orb of fire
 81415 | Zot:5    | Gained mutation: Your magical capacity is low. (-10% MP) [an orb of fire]
 81417 | Zot:5    | Killed an orb of fire
 81421 | Zot:5    | Noticed an ancient lich
 81427 | Zot:5    | Killed an ancient lich
 81462 | Zot:5    | Gained mutation: You are dopey. (Int -2) [an orb of fire]
 81463 | Zot:5    | Noticed an orb of fire
 81463 | Zot:5    | Noticed an orb of fire
 81463 | Zot:5    | Noticed an orb of fire
 81466 | Zot:5    | Gained mutation: You do not regenerate when monsters are visible. [an orb of fire]
 81470 | Zot:5    | Gained mutation: Potions are less effective at restoring your health. [an orb of fire]
 81471 | Zot:5    | HP: 9/245 [orb of fire/fireball (17)]
 81472 | Zot:5    | HP: 4/245 [orb of fire/bolt of fire (15)]
 81472 | Zot:5    | Killed from afar by an orb of fire

Vault maps used:
D:1:      mrwooster_arrival_arrow, st_stairs_5
D:2:      st_stairs_6, uniq_robin, uniq_terence
D:3:      kennysheep_slug_shrine, minivault_5, uniq_natasha
D:4:      minmay_temple_entry_butterflies, hangedman_decor_diamond_cutter
D:5:      kennysheep_mini_moat, tgw_fedhas, first_bread, uniq_ijyb
D:6:      serial_aquarium, aquarium_bridge_square, aquarium_window_fake,
          aquarium_window_corridor_3, aquarium_window_2, aquarium_view_2a,
          aquarium_view_4, aquarium_balcony_double_1, aquarium_pool_five,
          serial_shops, nicolae_shop_stone, minmay_misc_feat_ornament,
          makhleb_altar_promises_db
D:7:      grunt_gozag_statues, minitemple, serial_shops, nicolae_shop_crystal,
          enter_bailey_1, uniq_joseph, uniq_duvessa, uniq_crazy_yiuf_cottage
D:8:      serial_undead, serial_undead_b, serial_undead_b, serial_undead_b,
          serial_undead_f, kennysheep_dice
D:9:      david_lair_shrubbed
D:11:     minmay_orc_entry_guard_dogs, lab_entry_generic, hangedman_fish_farm
D:12:     serial_shops, shop
D:13:     grunt_vaults_entry_tiered, portal_ice_cave_entry_pillars_1,
          minmay_strange_pillars
D:14:     nrook_mini_backslash, serial_shops, shop, grunt_dithmenos_smoke,
          uniq_louise
D:15:     hangedman_depths_entry_try_elsewhere_first,
          nicolae_ru_sacrificial_ziggurat, nemelex_diamond_rough_becter,
          uniq_josephine
Lair:1:   grunt_forest_small_clearings, st_stairs_5, uniq_gastronok
Lair:2:   spider_nest_entry_a, serial_bayou_ford_a, uniq_harold
Lair:3:   minmay_swamp_entry_swarm, special_room, serial_bayou_lagoon_a,
          infiniplex_staircase_pool_2
Lair:4:   minmay_lair_oklob_chamber
Lair:5:   minmay_guarded_unrand_snakebite, guppyfry_lair_drakes,
          serial_bayou_shore_b, grunt_megastairs_5, serial_bayou_shore_b
Lair:6:   hangedman_lair_in_review, slime_altar_1, disabler_island,
          serial_bayou_shore_a, grunt_megastairs_3
Swamp:1:  evilmike_swamp_ruin_house_3, swamp_pool3
Swamp:2:  hangedman_swamp_pad
Swamp:3:  nicolae_swamp_feature_on_the_river_bank
Swamp:4:  swamp_old_school
Spider:1: nicolae_spider_mines_1
Spider:2: spiders_nest_scorpion_pit
Spider:3: special_room, uniq_jorgrun
Spider:4: grunt_spider_rune_circles, uniq_arachne, uniq_nikola
Slime:2:  cheibrodos_slime_lost_civilization_3
Slime:3:  uniq_dissolution
Orc:1:    uniq_snorg
Orc:2:    grunt_orc_tribal_feast
Elf:1:    eino_elf_arrival_sip
Elf:2:    serial_shops, nicolae_shop_crystal
Elf:3:    elf_hall, serial_shops, nicolae_shop_statue_plus
Vaults:1: v_pattern_2, nicolae_vaults_network_quinsquares, v_misc_15,
          grunt_vaults_focal, vaults_mumra_hexcomb, ontoclasm_vaults_twist,
          nicolae_vaults_ninety_degrees, hangedman_vaults_pinch, serial_shops,
          shop
Vaults:2: nicolae_vaults_network_quincunx, nicolae_vaults_network_star,
          v_alt_pattern_5, ontoclasm_vaults_eye,
          nicolae_vaults_bisected_exclaves, vaults_mumra_lcd, v_misc_14,
          v_misc_27, nicolae_vaults_asterisk, vaults_room_pool, serial_shops,
          nicolae_shop_behind_doors
Vaults:3: nicolae_vaults_windows_and_doors_thing, vaults_dpeg_ring,
          nicolae_vaults_circle_grid_b, vaults_dpeg_hooks,
          vaults_room_fancy_cross, v_rooms_1, vaults_room_stairs_pillars,
          vaults_room_fours, v_misc_29, minmay_crypt_entry_simple_corners,
          hangedman_vaults_capsules, nicolae_vaults_little_ls, stair_cage_open,
          v_misc_27, vaults_mumra_chevron_long, v_misc_15,
          nicolae_vaults_little_squares_6, serial_shops, shop, shop,
          nicolae_shop_waterfront, nicolae_shop_overgrown_old_shop, shop
Vaults:4: vaults_dpeg_spiral, v_misc_26, v_misc_3, v_rooms_2, v_misc_13,
          ontoclasm_vaults_ring_small, hangedman_vaults_locks,
          vaults_room_pools, vaults_room_hangedman_quadrants,
          nicolae_vaults_sealed_display, nicolae_vaults_little_squares_3,
          v_alt_pattern_6, serial_shops, nicolae_shop_trees, serial_glass
Vaults:5: uniq_margery
Crypt:1:  minmay_guarded_unrand_majin_bo, st_stairs_14, uniq_mennas
Crypt:3:  evilmike_haunted_forest
Depths:1: nrook_mini_vaults, hell_entry, minmay_hidden_floor
Depths:2: minmay_four_inscribed_fans, hangedman_abyss_or_decor_stagger,
          hell_entry, roderic_bipointed_swastika
Depths:3: cheibrodos_poisonous_passages, grunt_hell_entry_dis_old, pan_entry,
          infiniplex_staircase_pillars_2
Depths:4: evilmike_silver_temple, hell_entry, roderic_roman_lattice, abyss_entry
Depths:5: evilmike_zot_entry_castle, enter_ziggurat_f, nicolae_two_hexagons,
          hell_entry, abyss_entry, lemuel_flamethrower_3,
          basic_stair_grate_trap, uniq_xtahua
Dis:1:    door_vault
Dis:5:    nrook_loot_triangle, hangedman_dis_chains, grunt_megastairs_2
Dis:7:    dis_hangedman
Geh:7:    geh_grunt
Coc:4:    serial_ice, serial_ice_n
Coc:7:    coc_hangedman
Tar:5:    nicolae_tar_cuneiform_heaven, nicolae_tar_cuneiform_sun,
          nicolae_tar_cuneiform_city
Tar:7:    tar_mu
Abyss:1:  bh_abyss_exit_spiral
Abyss:3:  hangedman_stitches_earthworm
Abyss:4:  evilmike_abyss_exit_kraken, due_evilmike_abyss_rune_seething_liches
Abyss:5:  evilmike_abyss_exit_glass, evilmike_abyss_rune_tso_outpost
Pan:      evilmike_holy_pan, evilmike_mini_pan_T, nicolae_pan_lom_lobonic_3,
          rand_demon_3, pan_disco_hall, rand_demon_5, pan_blood_fountain_small,
          evilmike_mini_pan_other_thingy, pan_blood_fountain,
          grunt_pan_frozen_over, pan_blood_fountain_small, pan_blood_fountain,
          reaverb_pan_squares, lom_lobon_spiral_st, pan_blood_fountain_small,
          evilmike_mini_pan_pillars, evilmike_mini_pan_pillars, uniq_lom_lobon,
          rand_demon_3, nicolae_pan_diamonds, evilmike_mini_pan_doors,
          nicolae_pan_gloorx_vloqian_2, rand_demon_3, uniq_lom_lobon,
          pan_blood_fountain_2, evilmike_mini_pan_branches, uniq_lom_lobon,
          rand_demon_4, uniq_lom_lobon, pan_blood_fountain,
          cerebov_grunt_fire_and_steel, nicolae_pan_glass_arcs, uniq_lom_lobon,
          pan_blood_fountain_small, gloorx_vloq_grunt, pan_blood_fountain_small,
          reaverb_pan_chaos_star, nicolae_pan_sigil_itan,
          evilmike_mini_pan_pillars, nicolae_pan_gloorx_vloqian_2,
          evilmike_mini_pan_3x3, nicolae_pan_hourglass, uniq_lom_lobon,
          evilmike_mini_pan_T, grunt_pan_sceptre, uniq_lom_lobon,
          lemuel_hall_of_pain, mnoleg_grunt_wretched_star
Lab:      labyrinth_mini_lab
Bailey:   bailey_polearm_flooded_kennysheep, bailey

Skill      XL: |  1  2  3  4  5  6  7  8  9 10 11 12 13 14 15 16 17 18 19 20 21 22 23 24 25 26 27 |
---------------+----------------------------------------------------------------------------------+-----
Armour         | 4 5 6 8 9 10 11 12 13 14 15 16 17 18 19 20 21 22 23 27 | 27.0
Shields        | 4 5 6 7 8 9 10 11 12 14 15 16 17 18 19 20 21 22 27 | 27.0
Fighting       | 4 5 6 7 8 9 10 11 12 13 14 15 16 17 18 19 20 27 | 27.0
Axes           | 3 4 5 6 7 9 11 12 14 15 16 17 18 19 20 21 22 27 | 27.0
Dodging        | 1 2 3 4 5 6 |  6.7
Throwing       | 1 2 4 6 8 10 11 13 14 15 17 20 | 20.0
Maces & Flails | 1 3 5 7 8 10 12 16 | 16.9
Short Blades   | 2 3 |  3.7
Evocations     | 2 3 4 |  4.2
Stealth        | 1 2 3 4 5 |  5.8
Invocations    | 4 7 8 9 17 | 17.3
Necromancy     | 2 3 4 11 | 11.7
Spellcasting   | 2 3 4 6 7 16 | 16.5
Charms         | 1 3 4 11 | 11.0
Translocations | 1 4 5 7 |  7.5
Polearms       | 1 5 6 7 17 | 17.2
Summonings     | 1 4 6 8 18 | 18.0
Air Magic      | 11 | 11.0

Action                   |  1- 3 |  4- 6 |  7- 9 | 10-12 | 13-15 | 16-18 | 19-21 | 22-24 | 25-27 || total
-------------------------+-------+-------+-------+-------+-------+-------+-------+-------+-------++-------
Melee: War axe           |    53 |   135 |    34 |       |       |       |       |       |       ||   222
       Headbutt          |     6 |    30 |    33 |    68 |   171 |   381 |   319 |   334 |  2303 ||  3645
       Flail             |       |       |     9 |     6 |       |       |       |       |     8 ||    23
       Rapier            |       |       |    58 |       |       |       |       |       |       ||    58
       Broad axe         |       |       |    27 |   207 |   460 |   812 |   739 |   691 |  4854 ||  7790
       Bite              |       |       |     3 |    37 |    85 |   179 |   168 |   188 |   631 ||  1291
       Whip              |       |       |       |       |     3 |   129 |    33 |    49 |       ||   214
       Eveningstar       |       |       |       |       |       |       |    10 |    58 |  1054 ||  1122
       Demon trident     |       |       |       |       |       |       |    18 |    96 |    79 ||   193
Throw: Javelin           |       |    20 |   130 |   216 |    47 |       |   121 |    20 |       ||   554
       Tomahawk          |       |       |     7 |    57 |   456 |   231 |   231 |    11 |   286 ||  1279
 Cast: Blink             |       |       |       |       |     1 |       |       |     3 |    21 ||    25
       Regeneration      |       |       |       |       |       |     2 |     6 |    31 |   351 ||   390
       Shroud of Golubri |       |       |       |       |       |       |       |     2 |    51 ||    53
       Aura of Abjuratio |       |       |       |       |       |       |       |       |    58 ||    58
       Summon Hydra      |       |       |       |       |       |       |       |       |     9 ||     9
Invok: Slouch            |       |       |       |       |     1 |     7 |     6 |     8 |    52 ||    74
       Bend Time         |       |       |       |       |       |     1 |       |       |       ||     1
 Abil: Evoke Blink       |       |       |       |     3 |       |       |       |       |       ||     3
       Evoke Flight      |       |       |       |       |       |       |       |       |    15 ||    15
       Blink             |       |       |       |       |       |       |       |       |     4 ||     4
       Stop Flying       |       |       |       |       |       |       |       |       |     1 ||     1
Evoke: Wand              |       |       |    56 |       |     3 |    13 |     3 |     4 |    13 ||    92
  Use: Scroll            |       |     4 |    14 |     9 |    11 |     9 |    18 |     8 |    45 ||   118
       Potion            |       |       |     9 |       |     4 |     5 |     1 |     4 |    52 ||    75
 Stab: Sleeping          |       |       |       |       |     4 |     1 |     3 |     4 |       ||    12
       Distracted        |       |       |       |       |     2 |       |     1 |     1 |     3 ||     7
       Fleeing           |       |       |       |       |     1 |       |       |       |       ||     1
       Invisible         |       |       |       |       |       |    18 |       |       |       ||    18
  Eat: Chunk             |       |     8 |     6 |     7 |    19 |    21 |    33 |     8 |    73 ||   175
       Royal jelly       |       |       |       |     1 |       |     3 |       |       |    31 ||    35
       Fruit             |       |       |       |       |       |     1 |       |       |       ||     1
Armor: Scale mail        |    20 |    21 |    55 |    13 |     4 |       |       |       |       ||   113
       Chain mail        |     2 |    67 |       |    78 |   115 |       |    55 |       |       ||   317
       Plate armour      |       |       |       |       |    91 |   486 |    12 |       |       ||   589
       Ice dragon scales |       |       |       |       |       |       |   136 |    68 |       ||   204
       Gold dragon scale |       |       |       |       |       |       |       |   290 |  1868 ||  2158
Dodge: Dodged            |    14 |    37 |    69 |    82 |   149 |   339 |   270 |   350 |  2074 ||  3384
Block: Shield            |    22 |    89 |    91 |   201 |   369 |   801 |   679 |   912 |  2225 ||  5389
       Reflection        |       |       |       |       |       |       |       |    68 |   227 ||   295
       Large shield      |       |       |       |       |       |       |       |       |  5670 ||  5670
